 Dungeon Crawl Stone Soup version 0.20.1-1-g8b1a95d (webtiles) character file.

249 flestrin the Covert (level 5, -2/24 HPs)
             Began as a Spriggan Enchanter on Aug 10, 2017.
             Slain by an elf skeleton (8 damage)
             ... on level 4 of the Dungeon.
             The game lasted 00:11:36 (2887 turns).

flestrin the Covert (Spriggan Enchanter)            Turns: 2887, Time: 00:11:37

Health: -2/24      AC:  3    Str:  4    XL:     5   Next: 86%
Magic:  1/10       EV: 18    Int: 17    God:
Gold:   201        SH:  0    Dex: 17    Spells: 3/9 levels left

rFire    . . .     SeeInvis +   a - +1 dagger
rCold    . . .     Gourm    .   (shield restricted)
rNeg     . . .     Faith    .   b - +1 robe
rPois    .         Spirit   .   (helmet restricted)
rElec    .         Reflect  .   (no cloak)
rCorr    .         Harm     .   (gloves unavailable)
MR       .....                  (boots unavailable)
Stlth    ++++......             (no amulet)
Regen    0.1/turn               e - ring of see invisible
MPRegen  0.2/turn               (no ring)

@: very quick
A: unfitting armour, see invisible, herbivore 3, speed 3, slow metabolism 2
a: no special abilities


You were on level 4 of the Dungeon.
You were not hungry.

You visited 1 branch of the dungeon, and saw 4 of its levels.

You collected 201 gold pieces.

Inventory:

Hand Weapons
 a - a +1 dagger (weapon)
Armour
 b - a +1 robe (worn)
Jewellery
 e - a ring of see invisible (left hand)
Scrolls
 g - a scroll of teleportation
 i - 2 scrolls of enchant armour
 m - 2 scrolls of immolation {unknown}
 o - a scroll of blinking {unknown}
 p - a scroll of identify
 q - a scroll of recharging {unknown}
Potions
 f - 2 potions of curing
 h - a potion of degeneration {unknown}
 j - a potion of magic {unknown}
 k - a potion of agility
 l - a potion of might {unknown}
 n - 3 potions of haste {unknown}
 r - 2 potions of mutation {unknown}
Books
 c - a book of Maledictions

   Spells                             Type                      Level
   a - Corona                         Hexes                        1
   b - Ensorcelled Hibernation        Hexes/Ice                    2
   c - Confuse                        Hexes                        3
   d - Tukima's Dance                 Hexes                        3
   e - Dazzling Spray                 Conjuration/Hexes            3
Comestibles
 d - 3 bread rations


   Skills:
 + Level 4.3 Short Blades
 - Level 3.0 Dodging
 + Level 8.2 Stealth
 - Level 2.6 Spellcasting
 - Level 3.6 Hexes


You had 3 spell levels left.
You knew the following spells:

 Your Spells              Type           Power        Failure   Level  Hunger
a - Ensorcelled Hibernat  Hex/Ice        #.....       13%         2    ##.....
b - Corona                Hex            ##.....      4%          1    #......
c - Confuse               Hex            ##......     12%         3    ###....


Dungeon Overview and Level Annotations

Branches:
Dungeon (4/15)
 Temple: D:4-7

Altars:
Elyvilon
Fedhas
Nemelex Xobeh


Innate Abilities, Weirdness & Mutations

You are very small and have problems with some larger weapons.
You are too small for most types of armour.
You have supernaturally acute eyesight. (SInv)
You are a herbivore.
You cover ground extremely quickly.
You need consume almost no food.


Message History

Aim: an elf skeleton (lightly damaged, chance to defeat MR: 53%)
The elf skeleton appears confused.
You hit the elf skeleton.
The elf skeleton is lightly damaged.
The elf skeleton hits you.
You are too injured to fight recklessly!
You hit the elf skeleton.
The elf skeleton is lightly damaged.
The elf skeleton hits you!
* * * LOW HITPOINT WARNING * * *
You strike the helpless elf skeleton from behind!
You impale the elf skeleton!!
The elf skeleton is heavily damaged.
You barely miss the elf skeleton.
The elf skeleton is heavily damaged.
The elf skeleton completely misses you.
You hit the elf skeleton.
The elf skeleton is severely damaged.
The elf skeleton hits you!
You die...

#.......[........
#.....†..........
##...............
#.........#####.
#..........###
#............##
#.............#
#............##
#......#@#####
#......#Z#
##.....#.#
#.....#.+
####.....###
#........#
..........#
...####...# ###
##..#


You could see an elf skeleton (confused).

Vanquished Creatures
  A sky beast (D:2)
  A hound (D:4)
  4 adders (D:2)
  An adder skeleton (D:4)
  3 worms
  4 dart slugs (D:2)
  2 leopard geckos
  3 orcs (D:3)
  5 giant cockroaches
  6 goblins
  5 hobgoblins
  4 jackals (D:2)
  3 quokkas
  A ball python (D:4)
  7 bats
  7 frilled lizards
  6 kobolds
  8 rats
71 creatures vanquished.

Notes
Turn   | Place    | Note
-------+----------+-------------------------------------------
     0 | D:1      | flestrin the Spriggan Enchanter began the quest for the Orb.
     0 | D:1      | Reached XP level 1. HP: 9/9 MP: 5/5
   338 | D:1      | Reached skill level 5 in Stealth
   338 | D:1      | Reached XP level 2. HP: 13/13 MP: 4/6
   541 | D:1      | Learned a level 2 spell: Ensorcelled Hibernation
   864 | D:2      | Reached XP level 3. HP: 16/16 MP: 5/8
   902 | D:2      | Found a sparkling altar of Nemelex Xobeh.
  1123 | D:2      | Reached skill level 6 in Stealth
  1380 | D:2      | Reached XP level 4. HP: 21/21 MP: 1/9
  1493 | D:2      | Found a white marble altar of Elyvilon.
  1813 | D:2      | Noticed an ice beast
  1814 | D:2      | Noticed a sky beast
  1847 | D:2      | Killed a sky beast
  1847 | D:2      | Reached skill level 7 in Stealth
  1847 | D:2      | Reached XP level 5. HP: 22/24 MP: 7/10
  2146 | D:3      | Found a blossoming altar of Fedhas.
  2442 | D:3      | Found a faded altar of an unknown god.
  2463 | D:3      | Learned a level 3 spell: Confuse
  2796 | D:4      | Noticed a phantom
  2798 | D:4      | Reached skill level 8 in Stealth
  2887 | D:4      | Slain by an elf skeleton

Skill      XL: |  1  2  3  4  5 |
---------------+----------------+-----
Stealth        | 5 6 7 8 |  8.2
Short Blades   | 2 3 4 |  4.3
Dodging        | |  3.0
Spellcasting   | |  2.6
Hexes          | |  3.6

Action                   |  1- 3 |  4- 6 || total
-------------------------+-------+-------++-------
Melee: Dagger            |    94 |   110 ||   204
 Cast: Corona            |     3 |       ||     3
       Ensorcelled Hiber |    21 |    26 ||    47
       Confuse           |       |     4 ||     4
  Use: Scroll            |     4 |     1 ||     5
 Stab: Sleeping          |    21 |    28 ||    49
       Confused          |       |     2 ||     2
       Distracted        |       |     1 ||     1
  Eat: Bread ration      |       |     1 ||     1
Armor: Robe              |    11 |    13 ||    24
Dodge: Dodged            |    73 |    92 ||   165
